 Dungeon Crawl Stone Soup version 0.29.0-13-gc9e81de378 (webtiles) character file.

Game seed: 16212301199685989657

4338 Arum the Fighter (level 10, -23/92 HPs)
             Began as a Formicid Fighter on Sept 10, 2022.
             Was an Initiate of Gozag.
             Annihilated by an orc warlord
             ... wielding a +2 executioner's axe
              (29 damage)
             ... in a bailey.
             The game lasted 00:11:58 (6945 turns).

Arum the Fighter (Formicid Fighter)                 Turns: 6945, Time: 00:11:58

Health: -23/92     AC: 19    Str: 25    XL:     10   Next: 59%
Magic:  10/10      EV:  7    Int:  8    God:    Gozag
Gold:   985        SH:  5    Dex: 13    Spells: 9/9 levels left

rFire   . . .      SeeInvis +   a - +0 quarterstaff (venom)
rCold   . . .      Faith    .   c - +0 buckler
rNeg    . . .      Spirit   .   B - +1 plate armour
rPois   +          Reflect  .   (helmet unavailable)
rElec   .          Harm     .   j - +2 cloak {rPois}
rCorr   .          Rampage  .   (no gloves)
Will    +....                   (no boots)
Stlth   ..........              (no amulet)
HPRegen 0.25/turn               (no ring)
MPRegen 0.12/turn               (no ring)

@: no status effects
A: permanent stasis, dig shafts and tunnels, antennae 3, four strong arms
a: Dig, Renounce Religion, Potion Petition, Call Merchant, Bribe Branch


You were in a bailey.
You worshipped Gozag.
Gozag was pleased with you.
You visited 1 branch of the dungeon, and saw 8 of its levels.
You also visited: Bailey.

You collected 1259 gold pieces.
You spent 222 gold pieces at shops.
You paid 52 gold pieces to Gozag.

Inventory:

Hand Weapons
 a - a +0 quarterstaff of venom (weapon)
 d - a +5 spectral quarterstaff
Missiles
 t - 8 javelins
Armour
 c - a +0 buckler (worn)
 j - a +2 cloak of poison resistance (worn)
 B - a +1 plate armour (worn)
Wands
 k - a wand of roots (2)
 y - a wand of flame (11)
Scrolls
 b - a scroll of acquirement {unknown}
 h - 2 scrolls of butterflies
 o - 2 scrolls of teleportation
 q - 2 scrolls of enchant weapon
 s - a scroll of poison
 u - a scroll of magic mapping {unknown}
 v - 2 scrolls of enchant armour
 x - a scroll of vulnerability
 z - a scroll of brand weapon
Potions
 e - 3 potions of brilliance
 f - 2 potions of curing
 g - 2 potions of resistance
 i - 2 potions of cancellation
 l - 4 potions of lignification
 m - 4 potions of mutation
 r - 2 potions of magic
 A - a potion of flight


   Skills:
 + Level 13.2 Fighting
 + Level 8.3 Staves
 - Level 10.2 Armour
 - Level 4.0 Shields


You had 9 spell levels left.
You didn't know any spells.
Your spell library contained the following spells:

 Spells                   Type           Power      Damage    Failure   Level
 Magic Dart               Conj           0%         1d3       99%         1
 Necrotise                Necr           0%         1d4       99%         1
 Call Imp                 Summ           0%         N/A       100%        2
 Inner Flame              Hex/Fire       0%         N/A       100%        3
 Mephitic Cloud           Conj/Pois/Air  0%         N/A       100%        3
 Cause Fear               Hex            0%         N/A       100%        4
 Hailstorm                Conj/Ice       0%         3d3       100%        4
 Ice Form                 Ice/Tmut       0%         N/A       100%        4
 Discord                  Hex            0%         N/A       100%        8
 Simulacrum               Ice/Necr       Unusable   N/A       N/A         6

Dungeon Overview and Level Annotations

Branches:
Dungeon (8/15)             Temple (0/1) D:7          Bailey (1/1)
   Lair: D:8-11

Altars:
Ashenzari
Dithmenos
Gozag
Nemelex Xobeh
Trog
Uskayaw
Yredelemnul

Shops:
D:1 [


Innate Abilities, Weirdness & Mutations

You cannot be hasted, slowed, berserked, paralysed or teleported.
You can dig through walls and to a lower floor.
You have a pair of large antennae on your head. (SInv)
Your four strong arms can wield two-handed weapons with a shield.


Message History

The orc warlord hits you with a +2 executioner's axe!!
The orc warlord hits your +5 spectral quarterstaff with a +2 executioner's axe!
Your spectral weapon shares its damage with you!
Your spectral weapon disappears.
Your +0 quarterstaff of venom begins to drip with poison!
a - a +0 quarterstaff of venom (weapon)
Unknown command.
You feel much better. The orc warlord barely misses you.
Aiming: Fastroot
Press: ? - help, Shift-Dir - straight line The roots erupt in riotous growth!
Roots grab the orc warlord.
The grasping roots constrict the orc warlord, but do no damage.
The orc warlord hits you with a +2 executioner's axe!!!
* * * LOW HITPOINT WARNING * * *
The grasping roots constrict the orc warlord.
The roots release their grip on the orc warlord.
Unknown command.
You feel better.
The orc warlord hits you with a +2 executioner's axe!!
* * * LOW HITPOINT WARNING * * *
You feel better.
The orc warlord hits you but does no damage.
You feel better.
The orc warlord hits you but does no damage.
You hit the orc warlord but do no damage.
The orc warlord is poisoned.
The orc warlord is lightly wounded.
The orc warlord closely misses you.
Unknown command.
You barely miss the orc warlord.
The orc warlord is lightly wounded.
The orc warlord hits you with a +2 executioner's axe!
* * * LOW HITPOINT WARNING * * *
Unknown command.
You sock the orc warlord!
The orc warlord is moderately wounded.
The orc warlord hits you with a +2 executioner's axe!!
You die...
Your body crumbles into a pile of gold.

).# ~.8...8.~ #.~~~...♣
#'###.......###'###..♣♣
...#~.8...8.~#....##.♣
...#~~~~~~~~~#.....##♣
...####~~~####......##
......#'''#......8...#
.....................#
.....).(.............#
..8...........8.@8..##
.....#######.....o.##
....## ##.....## ...##
##...## #### #####


You could see an orc warlord (very poisoned).

Vanquished Creatures
  A two-headed ogre (D:8)
  The ghost of qborf the Chopper, a novice MeBe of Trog (D:5)
  Joseph (D:7)
  The ghost of gabibbone the Digger, an amateur HuEE (D:4)
  4 black bears (D:5)
  5 orc warriors (Bailey)
  An ice beast (D:5)
  3 centaurs
  2 ogres
  2 phantoms (D:5)
  3 bullfrogs (D:7)
  A necrophage (D:7)
  2 scorpions
  A howler monkey (D:6)
  A jelly (D:4)
  5 orc priests
  Crazy Yiuf (D:4)
  A hound (D:4)
  2 gnoll boudas
  Jessica (D:2)
  2 orc wizards
  14 gnolls
  8 adders
  A shadow imp (D:7)
  A white imp (D:7)
  An ufetubus (D:6)
  A worm (D:4)
  3 dart slugs
  32 orcs
  7 bats
  6 endoplasms
  5 giant cockroaches
  13 goblins
  9 hobgoblins
  7 jackals
  3 quokkas
  3 ball pythons
  5 frilled lizards
  18 kobolds
  5 rats (D:1)
183 creatures vanquished.

Vanquished Creatures (others)
  A plant (D:8)
1 creature vanquished.

Grand Total: 184 creatures vanquished

Notes
Turn   | Place    | Note
-------+----------+-------------------------------------------
     0 | D:1      | Arum the Formicid Fighter began the quest for the Orb.
     0 | D:1      | Reached XP level 1. HP: 18/18 MP: 1/1
   115 | D:1      | Reached XP level 2. HP: 24/24 MP: 2/2
   330 | D:1      | Found Zuam's Armour Shoppe.
   404 | D:1      | Reached XP level 3. HP: 26/30 MP: 3/3
   516 | D:1      | Reached skill level 4 in Fighting
   925 | D:2      | Noticed Jessica
   936 | D:2      | Killed Jessica
   937 | D:2      | Reached XP level 4. HP: 17/37 MP: 4/4
  1105 | D:2      | Got Jessica's Essays on Shadows
  1500 | D:2      | Reached XP level 5. HP: 38/43 MP: 5/5
  2002 | D:3      | Found a faded altar of an unknown god.
  2051 | D:3      | Reached skill level 5 in Fighting
  2062 | D:3      | Reached XP level 6. HP: 31/51 MP: 6/6
  2573 | D:4      | Found a hide-covered altar of Uskayaw.
  2575 | D:4      | Found a runed translucent door.
  2575 | D:4      | Noticed gabibbone's ghost (amateur HuEE)
  2824 | D:4      | Found an opulent altar of Gozag.
  2848 | D:4      | Became a worshipper of Gozag Ym Sagoz the Greedy
  3049 | D:4      | Found a runed translucent door.
  3050 | D:4      | Noticed Crazy Yiuf
  3151 | D:4      | Killed Crazy Yiuf
  3212 | D:4      | Reached skill level 11 in Fighting
  3212 | D:4      | Reached skill level 10 in Armour
  3212 | D:4      | Reached XP level 7. HP: 68/68 MP: 7/7
  3254 | D:4      | Found a broken altar of Ashenzari.
  3264 | D:4      | Found a shadowy altar of Dithmenos.
  3306 | D:4      | Found a runed translucent door.
  3308 | D:4      | Found a bloodstained altar of Trog.
  3324 | D:4      | Found a basalt altar of Yredelemnul.
  3471 | D:5      | Entered Level 5 of the Dungeon
  3478 | D:5      | Reached skill level 5 in Staves
  3478 | D:5      | Reached XP level 8. HP: 75/75 MP: 8/8
  3498 | D:5      | Found a runed translucent door.
  3498 | D:5      | Noticed qborf's ghost (novice MeBe)
  4236 | D:5      | Killed qborf's ghost
  4237 | D:5      | Reached XP level 9. HP: 54/82 MP: 9/9
  4410 | D:4      | Reached skill level 12 in Fighting
  4416 | D:4      | Killed gabibbone's ghost
  4553 | D:1      | Bought a +2 cloak of poison resistance for 222 gold pieces
  5302 | D:7      | Noticed Joseph
  5316 | D:7      | Killed Joseph
  5475 | D:7      | Found a sparkling altar of Nemelex Xobeh.
  5567 | D:7      | Found a staircase to the Ecumenical Temple.
  5608 | D:7      | Reached XP level 10. HP: 75/90 MP: 10/10
  6322 | D:8      | Noticed a two-headed ogre
  6329 | D:8      | Killed a two-headed ogre
  6330 | D:8      | Reached skill level 13 in Fighting
  6338 | D:8      | Identified the +1 leather armour of Qouwkoigu {Fly rN+
                  | Dex+3}
  6610 | D:8      | Found a flagged portal.
  6626 | Bailey   | Entered a bailey
  6649 | Bailey   | Noticed an orc warlord
  6774 | Bailey   | Found a runed translucent gate.
  6789 | Bailey   | Found a runed translucent gate.
  6791 | Bailey   | Found a runed translucent gate.
  6940 | Bailey   | HP: 3/92 [orc warlord/+2 executioner's axe (23)]
  6945 | Bailey   | Annihilated by an orc warlord

Illustrated notes

Levels and vault maps discovered:
D:1:      dpeg_arrival_tiny_a, layout_loops_ring, serial_shops, shop,
          minmay_ruptured
D:2:      layout_loops_ring, kennysheep_jessica_study, uniq_jessica
D:3:      layout_basic, ebering_ecumenical_altar_sacrificial
D:4:      layout_cave_pools, mainiacjoe_overflow_tiny_flanked,
          nicolae_overflow_quartered_altars,
          mainiacjoe_overflow_concentric_impassable, ebering_ghost_sewer_f,
          kennysheep_generic_room_10, uniq_crazy_yiuf_cottage
D:5:      layout_basic, ebering_ghost_reflecting_pool
D:6:      layout_cave_pools
D:7:      layout_basic, nemelex_spade_bored_becter,
          minmay_temple_entry_poolview, serial_glass, glass_columns_a,
          glass_columns_b, minivault_27, grunt_ministairs_10, uniq_joseph
D:8:      layout_cave_pods, david_lair_generic, enter_bailey_3
Bailey:   bailey_axe_bossmonster_kennysheep, bailey

Skill      XL: |  1  2  3  4  5  6  7  8  9 10 |
---------------+-------------------------------+-----
Fighting       | 4 5 11 12 13 | 13.2
Staves         | 3 4 5 6 7 8 |  8.3
Armour         | 10 | 10.2
Shields        | |  4.0

Action                   |  1- 3 |  4- 6 |  7- 9 | 10-12 || total
-------------------------+-------+-------+-------+-------++-------
Melee: Quarterstaff      |    81 |   109 |    98 |   109 ||   397
 Abil: Dig               |     1 |     1 |       |     1 ||     3
Evoke: Wand              |       |       |       |     1 ||     1
  Use: Scroll            |       |     7 |     4 |    11 ||    22
       Potion            |       |     2 |       |     7 ||     9
 Stab: Distracted        |       |       |     2 |       ||     2
       Invisible         |       |       |       |     1 ||     1
Armor: Scale mail        |    34 |    43 |    38 |     4 ||   119
       Plate armour      |       |       |       |    33 ||    33
Dodge: Dodged            |    42 |    45 |    37 |    22 ||   146
Block: Buckler           |    14 |    15 |    14 |    19 ||    62
